 Dungeon Crawl Stone Soup version 0.22-a0-617-g6d95e9e (webtiles) character file.

34 sking99 the Grasshopper (level 3, 0/30 HPs)
             Began as a Draconian Warper on July 12, 2018.
             Succumbed to an adder's poison
             ... on level 2 of the Dungeon.
             The game lasted 00:01:04 (838 turns).

sking99 the Grasshopper (Draconian Warper)           Turns: 838, Time: 00:01:05

Health: 0/30       AC:  6    Str: 13    XL:     3   Next: 14%
Magic:  6/6        EV: 12    Int: 13    God:
Gold:   28         SH:  0    Dex: 11    Spells: 6/6 levels left

rFire    . . .     SeeInvis .   a - +0 falchion
rCold    . . .     Gourm    .   (no shield)
rNeg     . . .     Faith    .   (armour unavailable)
rPois    .         Spirit   .   (helmet restricted)
rElec    .         Reflect  .   (no cloak)
rCorr    .         Harm     .   (no gloves)
MR       .....                  k - +0 pair of boots
Stlth    +.........             (no amulet)
HPRegen  0.10/turn              (no ring)
MPRegen  0.10/turn              (no ring)

@: lethally poisoned (0 -> -8)
A: unfitting armour, cold-blooded, AC +5
a: no special abilities


You were on level 2 of the Dungeon.
You were not hungry.

You visited 1 branch of the dungeon, and saw 2 of its levels.

You collected 28 gold pieces.

Inventory:

Hand Weapons
 a - a +0 falchion (weapon)
Missiles
 d - 5 tomahawks of dispersal (quivered)
Armour
 k - a +0 pair of boots (worn)
Jewellery
 h - an uncursed ring of protection from magic {unknown}
 l - an uncursed ring of protection from fire {unknown}
Scrolls
 b - a scroll of teleportation {unknown}
 c - a scroll of blinking
 e - 2 scrolls of identify {unknown}
 g - 2 scrolls of random uselessness {unknown}
 i - a scroll of fog {unknown}
 j - a scroll of magic mapping {unknown}
Comestibles
 f - 4 rations
 m - 3 chunks of flesh


   Skills:
 + Level 2.7 Fighting
 * Level 2.9 Long Blades
 - Level 0.8 Throwing
 + Level 2.5 Dodging
 - Level 2.0 Spellcasting
   Level 3.0 Translocations


You had 6 spell levels left.
You didn't know any spells.
Your spell library contained the following spells:

 Spells                   Type           Power        Failure   Level  Hunger
 Teleport Other           Tloc           #.......     22%         3    ####...
 Blink                    Tloc           N/A          11%         2    ###....
 Passage of Golubria      Tloc           N/A          58%         4    #####..
 Shroud of Golubria       Chrm/Tloc      #.........   21%         2    ###....
 Gell's Gravitas          Tloc           #.........   22%         3    ####...
 Lesser Beckoning         Tloc           #.........   22%         3    ####...


Dungeon Overview and Level Annotations

Branches:
Dungeon (2/15)

Altars:

Annotations:
D:2 Terence


Innate Abilities, Weirdness & Mutations

Your plain brown scales are hard. (AC +5)
You cannot fit into any form of body armour.
You are cold-blooded and may be slowed by cold attacks.


Message History

You feel sick.
You climb downwards.
You feel sick. The adder closely misses you.
You riposte.
You barely miss the adder. The adder bites you.
* * * LOW HITPOINT WARNING * * *
There is a stone staircase leading up here.
The adder bites you.
* * * LOW HITPOINT WARNING * * *
Found an amethyst potion.
* * * LOW HITPOINT WARNING * * *
You feel sick.
Found a stone staircase leading down.
* * * LOW HITPOINT WARNING * * *
You feel sick. The adder bites you.
* * * LOW HITPOINT WARNING * * *
You are more poisoned.
The adder poisons you!
* * * LOW HITPOINT WARNING * * *
You feel sick.
Terence the Incautious comes into view.
He is wielding a mace.
You die...

.#. ..# ...# #..# #
... ###..### @. #..
..#...####
...###..##........#
....#...........#
#>!##.....^...#
#.@.S..##..######
......######..<......#
...##...........)....#
. .######.........#
###########


You could see Terence (sleeping) and an adder.

Vanquished Creatures
  An adder (D:1)
  2 dart slugs (D:1)
  A leopard gecko (D:1)
  A ball python (D:1)
  A giant cockroach (D:1)
  A goblin (D:1)
  4 hobgoblins (D:1)
  3 jackals (D:1)
  2 bats (D:1)
  A frilled lizard (D:1)
  A kobold (D:1)
  A rat (D:1)
19 creatures vanquished.

Notes
Turn   | Place    | Note
-------+----------+-------------------------------------------
     0 | D:1      | sking99 the Draconian Warper began the quest for the Orb.
     0 | D:1      | Reached XP level 1. HP: 17/17 MP: 3/3
   195 | D:1      | Reached XP level 2. HP: 15/25 MP: 5/5
   829 | D:1      | Reached XP level 3. HP: 10/30 MP: 6/6
   836 | D:2      | HP: 1/30 [poisoned by an adder]
   838 | D:2      | Noticed Terence
   838 | D:2      | Succumbed to an adder's poison

Vault maps used:
D:1:      evilmike_arrival_hilbert_curve, minmay_misc_feat_cross
D:2:      minmay_misc_feat_tower, uniq_terence

Action                   || total
-------------------------++-------
Melee: Falchion          ||    57
       Tailslap          ||     7
Armor: Skin              ||    19
Dodge: Dodged            ||    38
       Rpst.: Falchion   ||    11

Table legend:
 A = Spawn XP
 B = Non-spawn XP
 C = Spawn XP percentage of total XP
 D = Spawn monster count
 E = Non-spawn monster count
 F = Spawn count percentage of total count
 G = Total turns spent on level
                    A         B        C        D         E        F      G
               +---------+---------+-------+---------+---------+-------+---------
         Total |       0 |      49 |   0.0 |       0 |      19 |   0.0 |   838
               +---------+---------+-------+---------+---------+-------+---------
           D:1 |       0 |      49 |   0.0 |       0 |      19 |   0.0 |   824
               +---------+---------+-------+---------+---------+-------+---------
